cohdb
Replays
Latest Replays
All Replays
Popular Replays
Top Player Replays
Match Explorer
How It Works
Community
CoH3 Stats
Reddit
Sign in to upload your games and track your stats! →
Sign in with Steam
Match 47301653
Unlisted
Match 47301653
Overview
Messages
Build Orders
End
Construct Section Command Post
Selects Heavy Armor Battlegroup
Infantry Section
Infantry Section
Grenade Package
Infantry Section
Selects Light Vehicle Withdraw and Refit
Infantry Section
Construct Platoon Command Post
Selects UNKNOWN (202330)
Construct Field Infirmary
Selects Rigorous Vehicle Training
Selects Forward Repair Assembly
6-pounder Anti-tank Gun Team
Royal Engineer Section
Construct Company Command Post
Crusader AA Medium Tank
Selects UNKNOWN (2162094)
Garamara Ramararaman
garamara ramararaman
Mm_TaE
Pai
t34
DispatchExpert
DayzMeRolling
Verso
0
0
Comments
sign in to comment!
No comments posted yet!